 Dungeon Crawl Stone Soup version 0.31-a0-523-g071a6c1ffa (webtiles) character file.

Game seed: 3496492582431612273

133 Newt the Trooper (level 4, -7/39 HPs)
             Began as a Demonspawn Fighter on Aug 11, 2023.
             Was a Follower of Makhleb.
             Splashed by a jelly's acid (9 damage)
             ... on level 4 of the Dungeon.
             The game lasted 00:02:50 (2483 turns).

Newt the Trooper (Demonspawn Fighter)               Turns: 2483, Time: 00:02:51

Health: -7/39      AC: -1    Str: 18    XL:     4   Next: 93%
Magic:  4/4        EV:  9    Int: 10    God:    Makhleb [*.....]
Gold:   48         SH:  6    Dex: 16    Spells: 3/3 levels left

rFire   . . .        i - +1 mace (protect)
rCold   . . .        c - +1 buckler
rNeg    . . .        b - +0 scale mail
rPois   .            (no helmet)
rElec   .            (no cloak)
rCorr   .            (no gloves)
SInv    .            g - +0 pair of boots
Will    .....        (no amulet)
Stlth   ++           f - ring of wizardry
HPRegen 0.26/turn    (no ring)
MPRegen 0.09/turn

%: wizardry (x1)
@: corroded, under a protective aura
A: thin skeletal structure 2
a: Renounce Religion


You were on level 4 of the Dungeon.
You worshipped Makhleb.
Makhleb was aware of your devotion.
You visited 1 branch of the dungeon, and saw 4 of its levels.

You collected 118 gold pieces.
You spent 70 gold pieces at shops.

Inventory:

Hand Weapons
 a - a +0 rapier
 i - a +1 mace of protection (weapon)
Armour
 b - a +0 scale mail (worn)
 c - a +1 buckler (worn)
 g - a +0 pair of boots (worn)
Jewellery
 f - a ring of wizardry (left hand)
Scrolls
 h - a scroll of fear
 k - a scroll of teleportation
Potions
 d - a potion of might
 j - a potion of enlightenment


   Skills:
 - Level 5.0 Fighting
 - Level 3.0 Short Blades
 + Level 0.2 Maces & Flails
 - Level 2.6 Armour
 - Level 2.6 Shields


You had 3 spell levels left.
You didn't know any spells.
Your spell library contained the following spells:

 Spells                   Type           Power      Damage    Failure   Level
 Ensorcelled Hibernation  Hex/Ice        0%         N/A       65%         2
 Stone Arrow              Conj/Erth      0%         3d7       86%         3
 Anguish                  Hex/Necr       0%         N/A       99%         4
 Animate Armour           Summ/Erth      0%         N/A       99%         4
 Lehudib's Crystal Spear  Conj/Erth      0%         10d2      100%        8


Dungeon Overview and Level Annotations

Branches:
Dungeon (4/15)
 Temple: D:4-7

Altars:
Gozag
Makhleb
Okawaru
Sif Muna
Wu Jian

Shops:
D:3 !   D:4 [


Innate Abilities, Weirdness & Mutations

You have a moderately thin skeletal structure. (Dex +4, Stealth++)


Message History

The jelly hits you.
You are splashed with acid!
The jelly barely misses you.
You hit the jelly but do no damage.
Your hands burn!
The jelly is moderately wounded.
You block the jelly's attack.
You hit the jelly but do no damage.
Your hands burn!
The jelly is moderately wounded.
The jelly hits you but does no damage. The jelly closely misses you.
You hit the jelly. The acid corrodes you!
Your hands burn!
The jelly is severely wounded.
The jelly barely misses you.
A jelly is nearby!
Unknown command.
You hit the jelly.
Your hands burn!
The jelly is severely wounded.
The jelly hits you but does no damage. x2
You hit the jelly but do no damage.
Your hands burn!
The jelly is severely wounded.
The jelly hits you. The acid corrodes you!
You are splashed with acid!
* * * LOW HITPOINT WARNING * * *
You are too injured to fight recklessly!
You are too injured to fight recklessly!
You are too injured to fight recklessly!
Unknown command.
You hit the jelly but do no damage.
Your hands burn!
* * * LOW HITPOINT WARNING * * *
The jelly is severely wounded.
The jelly hits you but does no damage.
Unknown command.
You hit the jelly but do no damage.
Your hands burn!
* * * LOW HITPOINT WARNING * * *
The jelly is severely wounded.
You block the jelly's attack. The jelly barely misses you.
Unknown command.
You hit the jelly but do no damage. The acid corrodes you!
Your hands burn!
* * * LOW HITPOINT WARNING * * *
The jelly is severely wounded.
The jelly hits you.
* * * LOW HITPOINT WARNING * * *
The acid corrodes you!
You are splashed with acid!
You die...

******######+#<....#,,,**,*,,,,,,
* #.......####.#,,,**,+,,,,,, *
#.......####.#...#***,,,,,, *
#............#...# *,,,,,, *
#.......######...# *,,,,,,
****###.......######...#* **,,,,,
,,,.....................* ******
,**##########....J......* **
######...@.......* *
######...........* *
######...........* *
######...?.....##**** *
######.........#⌠,,,* *
######...###...#*,,,* *
######...+∩#.....,_,*
#################,,,*
################⌠,,,*


You could see a jelly.

Vanquished Creatures
  Natasha (D:2)
  2 orc wizards (D:3)
  2 dart slugs (D:1)
  3 orcs (D:3)
  2 ball pythons
  9 endoplasms
  2 giant cockroaches
  7 goblins
  5 hobgoblins
  3 jackals (D:1)
  A quokka (D:1)
  6 bats
  4 frilled lizards
  A kobold (D:1)
  6 rats
54 creatures vanquished.

Notes
Turn   | Place    | Note
-------+----------+-------------------------------------------
     0 | D:1      | Newt the Demonspawn Fighter began the quest for the Orb.
     0 | D:1      | Reached XP level 1. HP: 18/18 MP: 1/1
    43 | D:1      | Gained mutation: You have a somewhat thin skeletal
                  | structure. (Dex +2, Stealth+) [demonic ancestry]
    43 | D:1      | Reached XP level 2. HP: 20/24 MP: 2/2
   299 | D:1      | Reached XP level 3. HP: 29/29 MP: 3/3
   486 | D:2      | Found a faded altar of an unknown god.
   513 | D:2      | Prayed at the altar of an unknown god.
   513 | D:2      | Became a worshipper of Makhleb the Destroyer
   513 | D:2      | Reached * piety under Makhleb
   701 | D:2      | Noticed Natasha
   710 | D:2      | Killed Natasha
   711 | D:2      | Reached skill level 4 in Fighting
  1097 | D:2      | Gained mutation: You have a moderately thin skeletal
                  | structure. (Dex +4, Stealth++) [demonic ancestry]
  1097 | D:2      | Reached XP level 4. HP: 32/37 MP: 4/4
  1445 | D:3      | Found an opulent altar of Gozag.
  1553 | D:3      | Found an iron altar of Okawaru.
  1601 | D:3      | Found Leotol's Distillery.
  1618 | D:3      | Bought a potion of heal wounds for 70 gold pieces
  1720 | D:3      | Found a shimmering blue altar of Sif Muna.
  2002 | D:3      | Reached skill level 5 in Fighting
  2096 | D:3      | Found an ornate altar of the Wu Jian Council.
  2471 | D:4      | Found Oraes's Armour Shoppe.
  2483 | D:4      | Splashed by a jelly's acid

Illustrated notes

Levels and vault maps discovered:
D:1:      psy_arrival_dodecagon, layout_rooms, serial_park_tiny_pond,
          minmay_pentomino_s2
D:2:      layout_loops_ring, hellmonk_ecumenical_altar_pennies_from_heaven,
          uniq_natasha
D:3:      layout_basic, nicolae_overflow_crystal_walls,
          kennysheep_okawaru_gauntlet, mainiacjoe_overflow_tiny_flanked,
          kennysheep_orc_sif_temple, serial_shops, nicolae_shop_trees, hex_tiny
D:4:      corexii_shack_village, layout_basic, mainiacjoe_overflow_alcove_2,
          kennysheep_mini_moat, general_overflow_altar, serial_shops,
          kennysheep_mini, chequers_jeans, kennysheep_crisscross

Skill      XL: |  1  2  3  4 |
---------------+-------------+-----
Short Blades   | 2 3 |  3.0
Fighting       | 4 5 |  5.0
Maces & Flails | |  0.2
Armour         | |  2.6
Shields        | |  2.6

Action                     |  1- 3 |  4- 6 || total
---------------------------+-------+-------++-------
  Melee: Rapier            |    51 |       ||    51
         Mace              |    57 |    73 ||   130
    Use: Scroll            |       |     8 ||     8
         Potion            |       |     5 ||     5
   Stab: Sleeping          |     1 |     3 ||     4
 Armour: Scale mail        |    72 |    47 ||   119
  Dodge: Dodged            |    57 |    35 ||    92
  Block: Buckler           |    28 |    12 ||    40

Table legend: (Time is in decaauts)
 A = Elapsed time spent in this place.
 B = Non-inter-level travel time spent in this place.
 C = Inter-level travel time spent in this place.
 D = Time resting spent in this place.
 E = Time spent auto-exploring this place.
 F = Levels seen in this place.
 G = Mean time per level.
                   A        B        C        D        E       F      G
               +--------+--------+--------+--------+--------+-----+--------+
         Total |   2553 |   2491 |     62 |    167 |   1847 |   4 |  638.2 |
       Dungeon |   2553 |   2491 |     62 |    167 |   1847 |   4 |  638.2 |
               +--------+--------+--------+--------+--------+-----+--------+

Top non-repeatable levels by time:
     D:3: 1174 daAuts
     D:2: 894 daAuts
     D:1: 453 daAuts
     D:4: 31 daAuts
